Unix NetHack Version 5.0.0-0 post-release - last build May 30 2026 05:04:26 (55804bc15828dd6e32e9076e0726aa6fccb6e981,branch:main).

Game began 2026-05-30 06:36:39, ended 2026-05-30 06:58:40.

Atomicjoy, chaotic male elven Wizard

           ---------                  -----
           |.......|                  |.<!|
           |.......|                  |...|
           |.......|                  |...|
           |.......|     ---------   #-!.^|
           |.>.....|     |.......|   #|...|
           -----.---     .........####---+-
                #      ##|....@s.|
             ####      ##....)u..|
         #####         ##|.......|
        ##        ###### ---------
    ----.------- ##
    |..........|##
    |.......|..-#
    |..........|
    ------------

Atomicjoy the Conjurer    St:18 Dx:9 Co:16 In:17 Wi:11 Ch:11  Chaotic
Dlvl:7  $:351 HP:0(32) Pw:18(30) AC:4  Xp:3/41 T:2480  Burdened

Latest messages:
 You kill the floating eye!
 The spell hits the kobold!
 You kill the kobold!
 Welcome to experience level 3.
 You are beginning to feel hungry.
 What do you want to eat? [sxyAKNZ or ?*] ?
 It is not so easy to open this tin.
 You hear the footsteps of a guard on patrol.
 The pony picks up a kobold corpse.
 The pony drops a kobold corpse.
 The pony picks up a dart.
 The pony drops a dart.
 The pony picks up a dart.
 The pony drops a dart.
 You hear some noises in the distance.
 The pony picks up a dart.
 The pony drops a dart.
 The pony picks up a dart.
 The pony drops a dart.
 You succeed in opening the tin.
 It contains spinach.
 Eat it? [yn] (n) y
 This makes you feel like Popeye!
 The giant spider bites!
 You miss the giant spider.
 The giant spider bites!
 The giant spider just misses!
 The giant spider bites!
 You hear the footsteps of a guard on patrol.
 In what direction? 6
 The spell misses the giant spider.
 The giant spider bites!
 The giant spider's bite was poisoned!
 The pony misses the giant spider.
 The pony misses the giant spider.
 In what direction? 6
 The spell hits the giant spider!
 The pony misses the giant spider.
 The pony misses the giant spider.
 The giant spider bites!
 The pony misses the giant spider.
 The pony misses the giant spider.
 The pony misses the giant spider.
 The pony misses the giant spider.
 The giant spider bites!
 The giant spider's bite was poisoned!
 You die...
 Do you want your possessions identified? [ynq] (y) y
 Do you want to see your attributes? [ynq] (y) y
 Do you want an account of creatures vanquished? [ynaq] (y) q

Inventory:
 Coins    ('$')
  $ - 351 gold pieces
 Weapons  (')')
  D - a +0 dagger
  M - a +0 elven dagger
  a - a blessed +1 quarterstaff (weapon in hands)
 Armor    ('[')
  b - an uncursed +0 cloak of magic resistance (being worn)
  P - an uncursed +0 elven mithril-coat (being worn)
 Comestibles  ('%')
  x - an uncursed slime mold
  y - 2 uncursed apples
  A - 2 uncursed food rations
  K - an uncursed fortune cookie
  N - 2 uncursed lembas wafers
  Z - an uncursed pancake
  s - 2 uncursed tins of spinach
 Scrolls  ('?')
  w - an uncursed scroll of confuse monster
  L - an uncursed scroll of create monster
  k - an uncursed scroll of enchant weapon
  i - an uncursed scroll of identify
  j - an uncursed scroll of light
  J - an uncursed scroll of taming
 Spellbooks  ('+')
  m - an uncursed spellbook of confuse monster
  X - an uncursed spellbook of dig
  T - an uncursed spellbook of drain life
  l - a blessed spellbook of force bolt
  H - an uncursed spellbook of remove curse
 Potions  ('!')
  h - 2 uncursed potions of booze
  Q - an uncursed potion of fruit juice
  t - an uncursed potion of full healing
  q - a blessed potion of healing
  g - 4 uncursed potions of healing
  p - 2 cursed potions of healing
  u - a blessed potion of invisibility
  E - an uncursed potion of monster detection
  F - an uncursed potion of paralysis
  f - an uncursed potion of see invisible
  R - 2 uncursed potions of water
  S - an uncursed potion of water
 Rings    ('=')
  W - a cursed -4 ring of gain constitution
  d - an uncursed +3 ring of gain strength
  e - an uncursed +2 ring of protection
 Wands    ('/')
  U - a wand of digging (0:6)
  r - a wand of digging (0:5)
  c - a wand of light (0:11)
  O - a wand of magic missile (0:8)
  V - a wand of opening (0:7)
  C - a wand of undead turning (0:8)
 Tools    ('(')
  o - an uncursed wooden flute
  Y - an uncursed bell
  z - a cursed credit card
  n - a magic marker (0:20)
 Gems/Stones  ('*')
  G - an uncursed garnet stone
  B - an uncursed worthless piece of blue glass
  v - a cursed worthless piece of yellow glass
  I - an uncursed luckstone

Atomicjoy the Wizard's attributes:

Background:
 You were a Conjurer, a level 3 male elven Wizard.
 You were chaotic, on a mission for Anhur
 who was opposed by Ptah (lawful) and Thoth (neutral).
 You were right-handed.
 You were in the Dungeons of Doom, on level 7.
 You entered the dungeon 2480 turns ago.
 You had 41 experience points, 39 more were needed to attain level 4.

Basics:
 You had 0 out of 32 hit points.
 You had 18 out of 30 energy points (spell power).
 Your armor class was 4.
 Your wallet contained 351 zorkmids.
 Autopickup was off.

Final Characteristics:
 Your strength was 18 (limit:18).
 Your dexterity was 9 (limit:18).
 Your constitution was 16 (limit:16).
 Your intelligence was 17 (limit:20).
 Your wisdom was 11 (limit:20).
 Your charisma was 11 (limit:18).

Final Status:
 You weren't hungry.
 You were burdened; movement was slightly slowed.
 You were wielding a quarterstaff.
 You had basic skill with quarterstaff.

Final Attributes:
 You were piously aligned.
 You were magic-protected.
 You had infravision.
 You were guarded.
 Your spell casting was impaired by metallic armor.
 You were lucky.
 You had extra luck.
 Bad luck did not time out for you.
 Good luck did not time out for you.
 You are dead.

Miscellaneous:
 You didn't encounter any bones levels.
 Total elapsed playing time was 21 minutes and 58 seconds.

Major events:
 Turn
    1: Atomicjoy the chaotic male elven Wizard entered the dungeon
 2435: attained the rank of Conjurer (level 3)
 2480: killed by a giant spider

Spells:
 Name                 Level Category     Fail Retention
 force bolt             1   attack        18%   81%-90%
 confuse monster        1   enchantment   18%   81%-90%

Skills:
 Fighting Skills
   bare handed combat [Unskilled]
   riding             [Unskilled]
 Weapon Skills
   dagger             [Unskilled]
   knife              [Unskilled]
   axe                [Unskilled]
   short sword        [Unskilled]
   club               [Unskilled]
   mace               [Unskilled]
   quarterstaff       [Basic]
   polearms           [Unskilled]
   spear              [Unskilled]
   trident            [Unskilled]
   sling              [Unskilled]
   dart               [Unskilled]
   shuriken           [Unskilled]
 Spellcasting Skills
   attack spells      [Basic]
   healing spells     [Unskilled]
   divination spells  [Unskilled]
   enchantment spells [Basic]
   clerical spells    [Unskilled]
   escape spells      [Unskilled]
   matter spells      [Unskilled]

Voluntary challenges:
 Character rerolling was not enabled.
 You never genocided any monsters.
 You never polymorphed an object.
 You never changed form.
 You used no wishes.
Achievements:
 You entered a shop.
 You attained the rank of Conjurer.

 The Dungeons of Doom: levels 1 to 8
    Level 1:
    Level 2:
       Some fountains.
    Level 3:
       A weapon shop, some fountains.
    Level 4:
       A potion shop.
    Level 5:
       A grave.
    Level 6:
       A sink.
    Level 7: <- You were here.
       A grave.
       Final resting place for
          you, killed by a giant spider.
    Level 8:


Vanquished creatures:
  a floating eye
  a giant bat
 an acid blob
  a coyote
  3 hobbits
  2 manes
  a giant rat
  2 cave spiders
  a brown mold
  a yellow mold
  2 garter snakes
  a gnome zombie
  5 jackals
  3 kobolds
  3 grid bugs
  a bat
  3 lichens
  6 newts
38 creatures vanquished.

No species were genocided or became extinct.

Game over:
                       ----------
                      /          \
                     /    REST    \
                    /      IN      \
                   /     PEACE      \
                  /                  \
                  |    Atomicjoy     |
                  |      351 Au      |
                  |   killed by a    |
                  |   giant spider   |
                  |                  |
                  |                  |
                  |       2026       |
                 *|     *  *  *      | *
        _________)/\\_//(\/(/\)/\//\/|_)_______

Goodbye Atomicjoy the Wizard...

You died in The Dungeons of Doom on dungeon level 7 with 830 points,
and 351 pieces of gold, after 2480 moves.
You were level 3 with a maximum of 32 hit points when you died.

